[Event "Team 45 45 League T71"]
[Site "Internet Chess Club"]
[Date "2016.12.23"]
[Round "3"]
[White "EFXBT"]
[Black "andrewliang"]
[Result "1-0"]
[WhiteElo "1503"]
[BlackElo "1575"]
[Opening "Grünfeld: exchange, Spassky variation"]
[ECO "D87"]
[Time "21:00:51"]
[TimeControl "2700+45"]

1. d4 Nf6 2. c4 g6 3. Nc3 d5 4. cxd5 Nxd5 5. e4 Nxc3 6. bxc3 Bg7 7. Bc4 c5 8.
Ne2 O-O 9. O-O Nc6 10. Be3 Qc7 11. Rc1 Rd8 12. Qd2 b6 13. a4 Bb7 14. Qa2 e6 15.
Rfd1 Na5 16. Bg5 Rd7 17. Bb5 Bc6 18. Bf4 Qd8 19. Bxc6 Nxc6 20. d5 Ne7 21. c4 f5
22. Re1 e5 23. Bg5 f4 24. f3 Kf7 25. a5 Bf6 26. Bxf6 Kxf6 27. Rb1 Nc8 28. Qa1
Rb7 29. Nxf4 Qd6 30. Nd3 g5 31. Rf1 Rg7 32. f4 gxf4 33. Rxf4+ Kg5 34. Nxe5 Kxf4
35. Rf1+ Kg5 36. Rf5+ {Black resigns} 1-0

[Event "Team 45 45 League T71"]
[Site "Internet Chess Club"]
[Date "2016.12.23"]
[Round "3"]
[White "dinosaurchess"]
[Black "MasterD"]
[Result "1/2-1/2"]
[WhiteElo "1347"]
[BlackElo "1490"]
[Opening "Sicilian: accelerated fianchetto, modern variation"]
[ECO "B34"]
[Time "10:02:25"]
[TimeControl "2700+45"]

1. e4 c5 2. Nf3 Nc6 3. d4 cxd4 4. Nxd4 g6 5. Nc3 Bg7 6. Be3 Nf6 7. Be2 O-O 8.
O-O d5 9. exd5 Nxd5 10. Nxd5 Qxd5 11. Nxc6 Qxc6 12. c3 Bf5 13. Qb3 Rac8 14. Rac1
a6 15. Qb4 e6 16. Bf3 Qc7 17. Qxb7 Qxb7 18. Bxb7 Rb8 19. Bxa6 Rxb2 20. a4 Ra8
21. Bb5 Bc2 22. Bd4 Bxa4 23. Bxa4 Rxa4 24. Bxg7 Kxg7 25. c4 Rb6 26. h3 Rc6 27.
c5 Ra5 28. Kh2 Raxc5 29. Rxc5 Rxc5 30. Re1 Rc2 31. f3 Kf6 32. Kg3 h5 33. Re4 Rc5
34. Kh4 e5 35. f4 exf4 36. Rxf4+ Rf5 37. Rxf5+ Kxf5 38. Kg3 g5 39. Kf3 Ke5 40.
Kg3 f5 41. Kf2 Ke4 42. Ke2 f4 43. Kf2 Kd4 44. Kf3 Kd3 45. h4 g4+ 46. Kxf4 Ke2
47. Kg3 Ke3 48. Kh2 Kf2 49. Kh1 Kg3 50. Kg1 Kxh4 51. Kh2 g3+ 52. Kh1 Kg4 53. Kg1
h4 54. Kf1 h3 55. Kg1 Kh4 56. Kh1 hxg2+ 57. Kxg2 Kg4 58. Kg1 Kf4 59. Kg2 Kg4 60.
Kg1 Kf3 61. Kf1 g2+ 62. Kg1 Kg3 {White stalemated} 1/2-1/2

[Event "Team 45 45 League T71"]
[Site "Internet Chess Club"]
[Date "2016.12.23"]
[Round "3"]
[White "Rushu2009"]
[Black "ilovepi"]
[Result "0-1"]
[WhiteElo "1261"]
[BlackElo "1242"]
[Opening "Giuoco Piano"]
[ECO "C54"]
[Time "17:17:45"]
[TimeControl "2700+45"]

1. e4 e5 2. Nf3 Nc6 3. Bc4 Bc5 4. c3 Nf6 5. d4 exd4 6. cxd4 Bb4+ 7. Bd2 Bxd2+ 8.
Nbxd2 d5 9. exd5 Nxd5 10. O-O O-O 11. Re1 Nb6 12. Bd3 Nxd4 13. Re4 Nxf3+ 14.
Qxf3 Qg5 15. Re2 Bg4 16. Qg3 h6 17. Ne4 Qg6 18. Nc5 Qg5 19. Nxb7 Bxe2 20. Bxe2
Qxg3 21. fxg3 Rab8 22. Bf3 g5 23. a4 g4 24. Be4 f5 25. Bc6 Rf6 26. Na5 Nc4 27.
Bd5+ Kg7 28. Bxc4 Rxb2 29. h4 Rc2 30. Rd1 Rd6 31. Bd3 Rc3 32. Be2 Rxd1+ 33. Bxd1
Rxg3 34. Kh2 Rd3 35. Bc2 Rd5 36. Nc6 Rc5 37. Nd4 Kf6 38. h5 Ke5 39. Bxf5 Kxd4
40. Bxg4 Rg5 41. Kh3 Ke3 42. g3 Kf2 43. Kh4 c5 44. a5 c4 45. a6 c3 46. Bd1 Rc5
47. Bc2 Ke3 48. g4 Kd2 49. Bb1 c2 50. Bxc2 Kxc2 51. g5 Rxg5 52. Kh3 Rxh5+ 53.
Kg4 Ra5 54. Kh4 Rxa6 55. Kh5 Rb6 56. Kh4 a5 57. Kh5 a4 58. Kg4 a3 59. Kf4 a2 60.
Ke4 a1=Q 61. Ke3 Qe1+ 62. Kf3 Rf6+ 63. Kg2 Qe4+ 64. Kg1 Qg4+ 65. Kh2 Rf2+ 66.
Kh1 Qg2# {White checkmated} 0-1

[Event "Team 45 45 League T71"]
[Site "Internet Chess Club"]
[Date "2016.12.24"]
[Round "3"]
[White "zap2"]
[Black "viktory"]
[Result "1-0"]
[WhiteElo "1786"]
[BlackElo "1624"]
[Opening "Nimzovich-Larsen attack: classical variation"]
[ECO "A01"]
[Time "12:02:36"]
[TimeControl "2700+45"]

1. b3 d5 2. Bb2 c5 3. e3 Nc6 4. Bb5 Nf6 5. Nf3 Bg4 6. d3 e6 7. Nbd2 a6 8. Bxc6+
bxc6 9. O-O Bd6 10. h3 Bh5 11. Qe1 O-O 12. e4 Bc7 13. Qe3 Nd7 14. Rfe1 Re8 15.
e5 Bb6 16. Qf4 Ba5 17. g4 Bg6 18. Kg2 Rb8 19. h4 c4 20. h5 c3 21. hxg6 fxg6 22.
Ba3 cxd2 23. Rh1 c5 24. Rxh7 Rf8 25. Qh2 Kf7 26. Qh6 Rg8 27. Ng5+ {Black
resigns} 1-0

[Event "Team 45 45 League T71"]
[Site "Internet Chess Club"]
[Date "2016.12.28"]
[Round "3"]
[White "Bizzy-Ketty"]
[Black "idjit"]
[Result "1/2-1/2"]
[WhiteElo "1562"]
[BlackElo "1564"]
[Opening "French: Tarrasch, Guimard main line"]
[ECO "C04"]
[Time "14:53:39"]
[TimeControl "2700+45"]

1. e4 e6 2. d4 d5 3. Nd2 Nc6 4. Ngf3 Nf6 5. Bd3 Be7 6. O-O O-O 7. c3 Nd7 8. Qc2
g6 9. Nb3 Bf6 10. e5 Bg7 11. h4 f6 12. exf6 Nxf6 13. Bg5 Qe8 14. Rfe1 Qf7 15.
Nc5 b6 16. Nb3 Ng4 17. Re2 Bd7 18. Nh2 e5 19. Nxg4 Bxg4 20. f3 Bd7 21. dxe5 Nxe5
22. f4 Bg4 23. fxe5 Bxe2 24. Qxe2 Rae8 25. Rf1 Qxf1+ 26. Qxf1 Rxf1+ 27. Kxf1
Bxe5 28. Be2 c5 29. Bb5 Rf8+ 30. Ke2 Kf7 31. Nd2 Ke6 32. Nf3 Bg3 33. Kd3 Rf7 34.
Ba6 Kd6 35. Bc8 a5 36. a4 Kc6 37. Ba6 Kd6 38. Bb5 Ke6 39. Bh6 Kd6 40. Ke3 Rf5
41. Bd3 Rf7 42. Bg5 Rf8 43. Bh6 {Game drawn by mutual agreement} 1/2-1/2

[Event "Team 45 45 League T71"]
[Site "Internet Chess Club"]
[Date "2016.12.31"]
[Round "3"]
[White "losscause"]
[Black "moodle"]
[Result "0-1"]
[WhiteElo "1508"]
[BlackElo "1603"]
[Opening "English: three knights system"]
[ECO "A27"]
[Time "13:46:27"]
[TimeControl "2700+45"]

1. c4 e5 2. Nc3 Nc6 3. Nf3 f5 4. d3 Nf6 5. e4 fxe4 6. Nxe4 Bb4+ 7. Bd2 d6 8. a3
Bxd2+ 9. Qxd2 Nh5 10. Be2 Nf4 11. O-O Bf5 12. Rfe1 O-O 13. Ng3 Bg4 14. h3 Nxe2+
15. Nxe2 Bxf3 16. gxf3 Rxf3 17. Ng3 Nd4 18. Rab1 Rxg3+ {White resigns} 0-1

[Event "Team 45 45 League T71"]
[Site "Internet Chess Club"]
[Date "2016.12.25"]
[Round "3"]
[White "KnightmanAJ"]
[Black "drsigmund1"]
[Result "1-0"]
[WhiteElo "1376"]
[BlackElo "1411"]
[Opening "French: advance, Paulsen attack"]
[ECO "C02"]
[Time "19:00:21"]
[TimeControl "2700+45"]

1. e4 e6 2. d4 d5 3. e5 c5 4. c3 Nc6 5. Nf3 Qc7 6. Na3 a6 7. Nc2 Nge7 8. dxc5
Ng6 9. Be3 Ncxe5 10. Nxe5 Bxc5 11. Bxc5 Qxc5 12. Nxg6 hxg6 13. Qf3 Bd7 14. c4
Ba4 15. b3 Bc6 16. Qc3 f6 17. b4 Qd6 18. Ne3 d4 19. Rd1 e5 20. Qd2 Ba4 21. Nc2
Rh4 22. c5 Qd5 23. Rc1 Re4+ 24. Ne3 Qc6 25. Bd3 dxe3 26. fxe3 Rg4 27. Rg1 Rd8
28. Qe2 f5 29. Rc3 Rxb4 30. g4 e4 31. Bc2 Rb2 32. gxf5 Qf6 33. Bxa4+ Kf8 34.
Qxb2 Rd3 35. Rxd3 Qxb2 36. Rd8+ Ke7 37. Re8+ Kf7 38. fxg6+ Kf6 39. Rf8+ Ke5 40.
Rg5+ Ke6 41. Bb3+ Kd7 42. Rd5+ Kc7 43. Rf7+ Kb8 44. Rd8+ Ka7 45. c6 Qc1+ 46. Ke2
Qxc6 47. Rdd7 Qb5+ 48. Kf2 Qg5 49. Rxb7+ Ka8 50. Ra7+ Kb8 51. Rfb7+ Kc8 52. Be6+
Kd8 53. Ra8# {Black checkmated} 1-0

[Event "Team 45 45 League T71"]
[Site "Internet Chess Club"]
[Date "2016.12.27"]
[Round "3"]
[White "fireball"]
[Black "chessnow"]
[Result "1-0"]
[WhiteElo "1685"]
[BlackElo "1736"]
[Opening "Vienna gambit"]
[ECO "C29"]
[Time "21:18:42"]
[TimeControl "2700+45"]

1. e4 e5 2. Nc3 Nf6 3. f4 exf4 4. Nf3 Bb4 5. Bc4 O-O 6. e5 Re8 7. O-O Bxc3 8.
dxc3 Ne4 9. Bxf7+ Kxf7 10. Qd5+ Re6 11. Qxe4 Kg8 12. Bxf4 d6 13. Ng5 g6 14. Nxe6
Bxe6 15. exd6 Qc8 16. Bh6 Bf5 17. Qe7 {Black resigns} 1-0

[Event "Team 45 45 League T71"]
[Site "Internet Chess Club"]
[Date "2016.12.22"]
[Round "3"]
[White "saiabhi29"]
[Black "Ajolote"]
[Result "0-1"]
[WhiteElo "1642"]
[BlackElo "1749"]
[Opening "Sicilian defense"]
[ECO "B32"]
[Time "19:30:42"]
[TimeControl "2700+45"]

1. e4 c5 2. Nf3 Nc6 3. d4 cxd4 4. Nxd4 Qb6 5. Be3 Qc7 6. Nc3 a6 7. Nd5 Qd8 8.
Nxc6 dxc6 9. Bb6 Qd6 10. Nc7+ Kd7 11. Qxd6+ exd6 12. Nxa8 Be7 13. Bd4 Nf6 14.
Nb6+ Kc7 15. Bd3 Be6 16. Na4 b5 17. Nc3 c5 18. Bxf6 Bxf6 19. O-O Kc6 20. a3 Bg4
21. Rfe1 Re8 22. h3 Be6 23. Rab1 Be5 24. Ne2 c4 25. Bxc4 Bxc4 26. b3 Be6 27. f4
Bf6 28. f5 Bc8 29. Nf4 Bd4+ 30. Kh1 Bb7 31. Rbd1 Be5 32. Nd5 f6 33. c4 bxc4 34.
bxc4 Kc5 35. Rb1 Bc6 36. Nc7 Rc8 37. Nxa6+ Kxc4 38. Rb8 Rxb8 39. Nxb8 Bb5 40.
Rc1+ Kd3 41. Nc6 Kxe4 42. Nxe5 fxe5 43. g4 d5 44. Kg2 d4 45. Re1+ Kf4 46. Kf2 e4
47. Rd1 e3+ 48. Ke1 d3 49. Ra1 Ba4 50. Ra2 Kf3 51. g5 Bc2 52. Ra1 d2+ 53. Kf1
e2+ 54. Kg1 e1=Q+ 55. Rxe1 dxe1=Q+ 56. Kh2 Qf2+ 57. Kh1 Qg2# {White checkmated}
0-1

[Event "Team 45 45 League T71"]
[Site "Internet Chess Club"]
[Date "2016.12.22"]
[Round "3"]
[White "Skeptic1972"]
[Black "ascoli"]
[Result "0-1"]
[WhiteElo "1519"]
[BlackElo "1590"]
[Opening "French: classical, Steinitz variation"]
[ECO "C14"]
[Time "12:02:07"]
[TimeControl "2700+45"]

1. e4 e6 2. d4 d5 3. Nc3 Nf6 4. Bg5 Be7 5. e5 Nfd7 6. Bxe7 Qxe7 7. f4 a6 8. Nf3
c5 9. Be2 Nc6 10. O-O f6 11. exf6 Nxf6 12. Kh1 O-O 13. g3 cxd4 14. Nxd4 e5 15.
fxe5 Nxe5 16. Nf3 Bh3 17. Nxd5 Qc5 18. Nxf6+ Rxf6 19. Nxe5 Bxf1 20. Nd7 Qc6+ 21.
Kg1 Qg2# {White checkmated} 0-1

[Event "Team 45 45 League T71"]
[Site "Internet Chess Club"]
[Date "2017.01.02"]
[Round "3"]
[White "anishio"]
[Black "crazyhorses"]
[Result "0-1"]
[WhiteElo "1587"]
[BlackElo "1390"]
[Opening "Ruy Lopez: closed, Breyer, Borisenko variation"]
[ECO "C95"]
[Time "12:05:31"]
[TimeControl "2700+45"]

1. e4 e5 2. Nf3 Nc6 3. Bb5 a6 4. Ba4 Nf6 5. O-O Be7 6. Re1 b5 7. Bb3 d6 8. c3
O-O 9. h3 Nb8 10. d4 Nbd7 11. Nbd2 Bb7 12. Bc2 Re8 13. Nf1 Bf8 14. Ng3 g6 15.
Be3 c5 16. d5 c4 17. a4 Qc7 18. a5 Nc5 19. Ra3 Rac8 20. Qd2 Bg7 21. Bh6 Qd7 22.
Nh4 Qe7 23. Bxg7 Kxg7 24. Qg5 Kh8 25. Nhf5 gxf5 26. Nxf5 Rg8 27. Qxg8+ Nxg8 28.
Nxe7 Nxe7 29. Re3 Rg8 30. Rf3 Kg7 31. Ra1 Ng6 32. g3 Kf8 33. Kf1 Bc8 34. h4 Bg4
35. Re3 Ke7 36. Rb1 Rc8 37. b4 cxb3 38. Bxb3 Nf8 39. f4 f6 40. fxe5 fxe5 41. Kg2
Nfd7 42. Bc2 Rf8 43. Rb4 h5 44. c4 bxc4 45. Rxc4 Rb8 46. Rcc3 Rb2 47. Kf1 Rb5
48. Ra3 Rb2 49. Bd3 Nxd3 50. Raxd3 Nc5 51. Rc3 Rb4 52. Kf2 Rxe4 53. Rxe4 {White
resigns} 0-1

[Event "Team 45 45 League T71"]
[Site "Internet Chess Club"]
[Date "2016.12.23"]
[Round "3"]
[White "XNPchess"]
[Black "dp15"]
[Result "1-0"]
[WhiteElo "2070"]
[BlackElo "2042"]
[Opening "Queen's bishop game"]
[ECO "D02"]
[Time "19:00:40"]
[TimeControl "2700+45"]

1. d4 d5 2. Nf3 Nf6 3. Bf4 Bf5 4. c4 c6 5. e3 Nbd7 6. Nc3 e6 7. Qb3 Qb6 8. c5
Qxb3 9. axb3 a6 10. b4 Rc8 11. h3 h6 12. g4 Bg6 13. Nd2 Be7 14. Be2 O-O 15. h4
Ne4 16. Ncxe4 Bxe4 17. Nxe4 dxe4 18. g5 Kh7 19. Bd1 f5 20. Bb3 hxg5 21. hxg5+
Kg6 22. Bxe6 Rfd8 23. Ke2 Ra8 24. Bc7 Rdc8 25. Ba5 Nf8 26. Bxc8 Rxc8 27. d5 cxd5
28. Rad1 Bxg5 29. Rxd5 Bf6 30. Rg1+ Kf7 31. Rxf5 Ke6 32. Rf4 Bxb2 33. Rxe4+ Kf7
34. Rd1 Bf6 35. Rd6 Rb8 36. c6 Be7 37. Rxe7+ Kxe7 38. c7 Rc8 39. Rd8 Rxc7 40.
Bxc7 Ne6 41. Rg8 Kf7 42. Rb8 Nxc7 43. Rxb7 {Black resigns} 1-0

[Event "Team 45 45 League T71"]
[Site "Internet Chess Club"]
[Date "2016.12.23"]
[Round "3"]
[White "joebobpop"]
[Black "Monterrey"]
[Result "0-1"]
[WhiteElo "1899"]
[BlackElo "2061"]
[Opening "French: Winawer, advance, poisoned pawn, Konstantinopolsky variation"]
[ECO "C18"]
[Time "15:03:08"]
[TimeControl "2700+45"]

1. e4 e6 2. d4 d5 3. Nc3 Bb4 4. e5 c5 5. a3 Bxc3+ 6. bxc3 Ne7 7. Qg4 Qc7 8. Qxg7
Rg8 9. Qxh7 cxd4 10. Ne2 Nbc6 11. Bd2 dxc3 12. Bxc3 Nxe5 13. Qh5 N7g6 14. g3 d4
15. f4 Rh8 16. Qxh8+ Nxh8 17. fxe5 dxc3 18. Bg2 Bd7 19. O-O Bc6 20. Rad1 Bxg2
21. Kxg2 Rd8 22. Rxd8+ Kxd8 23. Rd1+ Ke7 24. Rd3 Qxe5 25. Nxc3 Ng6 26. Rf3 Qc5
27. Ne2 Qxc2 28. Kf2 Ne5 29. Rc3 Qe4 30. h3 Nd3+ 31. Rxd3 Qxd3 32. h4 Qxa3 33.
Kf1 Qf3+ 34. Ke1 a5 35. h5 Qxh5 36. Kf2 a4 37. Nf4 Qc5+ 38. Kf3 a3 39. Nd3 Qd5+
40. Ke3 Qxd3+ 41. Kxd3 a2 42. Kc2 a1=Q 43. Kb3 Qd4 {White resigns} 0-1

[Event "Team 45 45 League T71"]
[Site "Internet Chess Club"]
[Date "2016.12.22"]
[Round "3"]
[White "samit"]
[Black "sockbuf"]
[Result "0-1"]
[WhiteElo "1531"]
[BlackElo "1811"]
[Opening "Four knights: Spanish, classical defense"]
[ECO "C48"]
[Time "19:04:53"]
[TimeControl "2700+45"]

1. e4 e5 2. Nf3 Nc6 3. Nc3 Nf6 4. Bb5 Bc5 5. O-O O-O 6. Nxe5 Bd6 7. Nf3 Bf4 8.
d4 Bxc1 9. Qxc1 d5 10. e5 Ne4 11. Qe3 f5 12. exf6 Nxf6 13. Rfe1 Bd7 14. Qg5 h6
15. Qg3 Bf5 16. Ne5 Nxd4 17. Ng6 Bxg6 18. Qxg6 Nxb5 19. Nxb5 Qd7 20. Nd4 Qf7 21.
Qg3 Ne4 22. Qh4 g5 23. Qxh6 Qxf2+ 24. Kh1 Qxd4 25. Qg6+ Qg7 26. Qe6+ Qf7 27. Qg4
Nf2+ 28. Kg1 {White resigns} 0-1

[Event "Team 45 45 League T71"]
[Site "Internet Chess Club"]
[Date "2016.12.23"]
[Round "3"]
[White "JJ12"]
[Black "NashGames"]
[Result "0-1"]
[WhiteElo "2114"]
[BlackElo "2236"]
[Opening "Ruy Lopez: Caro variation"]
[ECO "C70"]
[Time "10:00:31"]
[TimeControl "2700+45"]

1. e4 e5 2. Nf3 Nc6 3. Bb5 a6 4. Ba4 b5 5. Bb3 Nf6 6. d3 Bb4+ 7. Nbd2 O-O 8. O-O
d6 9. a4 Bd7 10. c3 Bc5 11. Bc2 h6 12. Nb3 Bb6 13. h3 Re8 14. Re1 Ne7 15. d4 Ng6
16. Nbd2 c5 17. d5 Nf4 18. Nf1 N6h5 19. Be3 Rb8 20. Ng3 Nxg3 21. fxg3 Nh5 22.
Kh2 c4 23. axb5 Bxe3 24. Rxe3 axb5 25. Re1 Qb6 26. Qd2 Ra8 27. g4 Nf4 28. g3 Ng6
29. Kg2 Rxa1 30. Rxa1 Qb7 31. b4 cxb3 32. Bxb3 Rc8 33. Qe3 Nf8 34. Nd2 Rc5 35.
Qd3 h5 36. gxh5 Qc8 37. c4 Bxh3+ 38. Kf2 Nh7 39. h6 gxh6 40. Rc1 bxc4 41. Rxc4
Nf6 42. Ke1 Bg2 43. Qe2 Rxc4 44. Bxc4 Qh3 45. Qd3 Qh1+ 46. Ke2 Nxe4 {White
resigns} 0-1

[Event "Team 45 45 League T71"]
[Site "Internet Chess Club"]
[Date "2017.01.01"]
[Round "3"]
[White "lacibacsi"]
[Black "TheRailgun"]
[Result "0-1"]
[WhiteElo "2017"]
[BlackElo "1862"]
[Opening "Sicilian: closed, 6.Be3"]
[ECO "B26"]
[Time "12:00:16"]
[TimeControl "2700+45"]

1. e4 c5 2. Nc3 d6 3. g3 Nc6 4. Bg2 g6 5. d3 Bg7 6. Be3 Rb8 7. Qd2 b5 8. Nge2 b4
9. Nd1 Nd4 10. O-O e6 11. Nc1 a5 12. c3 Nb5 13. Ne2 Ne7 14. Bh6 O-O 15. Bxg7
Kxg7 16. d4 Qc7 17. Rc1 Ba6 18. Ne3 e5 19. Ng4 f5 20. exf5 Nxf5 21. Rfd1 h5 22.
Ne3 Nxe3 23. Qxe3 exd4 24. cxd4 Rbe8 25. Qd2 Qf7 26. f4 c4 27. f5 Qxf5 28. Nf4
c3 29. Qc2 Nxd4 30. Qxf5 Nxf5 31. bxc3 bxc3 32. Rxc3 Re5 33. Rd5 Rc8 34. Rxc8
Bxc8 35. Nd3 Rxd5 36. Bxd5 g5 37. Kf2 Kf6 38. Kf3 Ba6 39. Nb2 Ke5 40. Bf7 Nd4+
41. Ke3 h4 42. gxh4 gxh4 43. Nc4+ Bxc4 44. Bxc4 d5 45. Bf1 Nc2+ 46. Kd2 Nb4 47.
a3 Nc6 48. Bg2 Kd4 49. a4 Ne5 50. h3 Nc4+ 51. Ke2 Nb2 52. Kf3 Nxa4 53. Kg4 Nc3
54. Kxh4 a4 {White resigns} 0-1

[Event "Team 45 45 League T71"]
[Site "Internet Chess Club"]
[Date "2016.12.28"]
[Round "3"]
[White "vael"]
[Black "volodia80"]
[Result "1-0"]
[WhiteElo "1961"]
[BlackElo "1682"]
[Opening "Ruy Lopez: exchange variation, Alapin gambit"]
[ECO "C68"]
[Time "06:05:37"]
[TimeControl "2700+45"]

1. e4 e5 2. Nf3 Nc6 3. Bb5 a6 4. Bxc6 dxc6 5. O-O Bg4 6. h3 h5 7. d3 Qf6 8. Be3
Bxf3 9. Qxf3 Qxf3 10. gxf3 Bd6 11. Nd2 Ne7 12. Nc4 Ng6 13. Rfd1 c5 14. Kg2 h4
15. Rg1 O-O-O 16. Kh2 b5 17. Nd2 Kb7 18. Rg4 Rde8 19. Rag1 a5 20. Nb3 Kb6 21. a4
c6 22. Ra1 Ra8 23. Rg5 Rh7 24. Bd2 b4 25. Rag1 Re8 26. Rf5 Re7 27. Bg5 Rd7 28.
Nd2 Ka6 29. Nc4 Bc7 30. Be3 Nf8 31. Bxc5 Ne6 32. Be3 g6 33. Rf6 Bd8 34. Rxe6
fxe6 35. Rxg6 b3 36. cxb3 Rxd3 37. Rxe6 Kb7 38. Nxe5 Bc7 39. f4 Bxe5 40. Rxe5
Rxb3 41. Rxa5 Rd7 42. Ra7+ Kc8 43. Ra8+ Kb7 44. Rh8 Rxb2 45. Rxh4 Rb4 46. e5
Rxa4 47. Kg3 Rf7 48. e6 Rf6 49. Rh7+ Ka6 50. Ra7+ Kb5 51. Rxa4 Kxa4 52. e7 Re6
53. Bc5 Kb5 54. f5 Re4 55. Kf3 Rh4 56. e8=Q {Black resigns} 1-0

[Event "Team 45 45 League T71"]
[Site "Internet Chess Club"]
[Date "2016.12.23"]
[Round "3"]
[White "Fianchettoed"]
[Black "spongenotbob"]
[Result "1/2-1/2"]
[WhiteElo "1709"]
[BlackElo "1949"]
[Opening "King's Indian: fianchetto, classical variation"]
[ECO "E67"]
[Time "16:01:00"]
[TimeControl "2700+45"]

1. Nf3 Nf6 2. g3 g6 3. Bg2 Bg7 4. O-O d6 5. d4 O-O 6. c4 Nbd7 7. Nc3 e5 8. dxe5
Nxe5 9. Nxe5 dxe5 10. Qc2 c6 11. Rd1 Qe7 12. b3 e4 13. Bf4 Bf5 14. Bd6 e3 15.
Qc1 exf2+ 16. Kh1 Qe6 17. Bxf8 Rxf8 18. Qf4 Nh5 19. Qd2 Bxc3 20. Qxc3 Qxe2 21.
Qf3 Re8 22. Qxe2 Rxe2 23. Bf3 Re3 24. Kg2 f1=Q+ 25. Rxf1 Nf6 26. Kf2 Re7 27.
Rfe1 Be6 28. Rad1 Kg7 29. h4 h5 30. Rd4 Rc7 31. Red1 Kf8 32. Rf4 Ke7 33. Ke3
{Game drawn by mutual agreement} 1/2-1/2

[Event "Team 45 45 League T71"]
[Site "Internet Chess Club"]
[Date "2016.12.26"]
[Round "3"]
[White "Ptzz"]
[Black "ChessHouston"]
[Result "1-0"]
[WhiteElo "2064"]
[BlackElo "1953"]
[Opening "Grünfeld: modern exchange variation"]
[ECO "D85"]
[Time "12:18:58"]
[TimeControl "2700+45"]

1. c4 Nf6 2. d4 g6 3. Nc3 d5 4. cxd5 Nxd5 5. Nf3 Bg7 6. e4 Nxc3 7. bxc3 c5 8.
Rb1 b6 9. Bb5+ Bd7 10. O-O Qc7 11. Bg5 Bxb5 12. Rxb5 a6 13. Rb1 Nd7 14. e5 h6
15. Bh4 Rd8 16. e6 fxe6 17. Re1 Kf7 18. Qe2 Qc6 19. Rbd1 Rhe8 20. Qxa6 c4 21.
Qa3 b5 22. d5 exd5 23. Rxe7+ Kg8 24. Rxg7+ Kxg7 25. Bxd8 Nc5 26. Qa7+ Kf8 27.
Bf6 Nb7 28. Bd4 Re7 29. Qb8+ Re8 30. Qf4+ Kg8 31. Qxh6 {Black resigns} 1-0

[Event "Team 45 45 League T71"]
[Site "Internet Chess Club"]
[Date "2016.12.23"]
[Round "3"]
[White "LiangLiang"]
[Black "Capt-Morgan"]
[Result "1-0"]
[WhiteElo "1957"]
[BlackElo "1848"]
[Opening "Ruy Lopez: 5.O-O"]
[ECO "C78"]
[Time "19:30:40"]
[TimeControl "2700+45"]

1. e4 e5 2. Nf3 Nc6 3. Bb5 a6 4. Ba4 Nf6 5. O-O b5 6. Bb3 Bc5 7. a4 Rb8 8. c3 d6
9. d4 Bb6 10. a5 Ba7 11. h3 O-O 12. Be3 Ra8 13. Nbd2 Qe7 14. Qc2 Bb7 15. Rfe1
Nb8 16. dxe5 dxe5 17. Bxa7 Rxa7 18. Re3 Nbd7 19. Rae1 c5 20. Ba2 Raa8 21. Nh4 g6
22. Rg3 Kh8 23. Rge3 Nh5 24. g3 Ndf6 25. Ndf3 Qc7 26. Ng5 Kg7 27. Bxf7 Qxa5 28.
Bb3 c4 29. Ne6+ Kg8 30. Nxf8 Rxf8 31. Qd1 cxb3 32. Qxb3+ Kg7 33. Qe6 Qc7 34. Rd1
Rf7 35. Nf3 Re7 36. Qd6 Qxd6 37. Rxd6 Nd7 38. b4 Nhf6 39. Ng5 Nf8 40. Rb6 Rd7
41. Nf3 Bxe4 42. Rxa6 Bxf3 43. Rxf3 Nd5 44. Rd3 e4 45. Rd4 Kf7 46. Rxe4 Nxc3 47.
Rf4+ Ke7 48. Kg2 Ne6 49. Rf3 Nd5 50. Rb3 Nec7 51. Ra2 Kd6 52. Rd2 Ne6 53. f4 Kc6
54. Kf3 Nb6 55. Rxd7 Kxd7 56. Ke4 Nc4 57. Kd5 Nb6+ 58. Ke5 Ke7 59. Rc3 Kd7 60.
Rc1 Ke7 61. Ra1 Nc7 62. Ra7 Nd7+ 63. Kd4 Kd6 64. Ra1 Nf6 65. Rb1 Nfd5 66. Rf1
Nxb4 67. f5 gxf5 68. Rxf5 Nbd5 69. Rf7 Ne6+ 70. Kd3 Ke5 71. Rxh7 Nf6 72. Ra7
Nc5+ 73. Kc3 Nd5+ 74. Kb2 Kd4 75. h4 Ne3 76. h5 b4 77. h6 Nc4+ 78. Kb1 Kc3 79.
h7 Nd2+ 80. Kc1 Nd3+ 81. Kd1 Nb2+ 82. Ke2 {Black resigns} 1-0

[Event "Team 45 45 League T71"]
[Site "Internet Chess Club"]
[Date "2016.12.31"]
[Round "3"]
[White "laurenpar"]
[Black "evan7284"]
[Result "1-0"]
[WhiteElo "1903"]
[BlackElo "1681"]
[Opening "Queen's pawn, Mason variation"]
[ECO "D00"]
[Time "05:02:53"]
[TimeControl "2700+45"]

1. d4 d5 2. Bf4 e6 3. e3 Bd6 4. Bxd6 Qxd6 5. c4 c6 6. Nc3 Nf6 7. Nf3 Nbd7 8. Bd3
O-O 9. O-O e5 10. cxd5 exd4 11. dxc6 Qxc6 12. Nxd4 Qb6 {Black resigns} 1-0

[Event "Team 45 45 League T71"]
[Site "Internet Chess Club"]
[Date "2016.12.22"]
[Round "3"]
[White "watkins"]
[Black "idjit"]
[Result "1-0"]
[WhiteElo "1531"]
[BlackElo "1587"]
[Opening "English, 1...Nf6 (Anglo-Indian defense)"]
[ECO "A15"]
[Time "11:00:27"]
[TimeControl "2700+45"]

1. c4 Nf6 2. g3 e6 3. Nc3 d5 4. cxd5 exd5 5. Bg2 Nc6 6. d4 Be6 7. Nf3 Be7 8. O-O
Qd7 9. Ng5 Bf5 10. e4 dxe4 11. Ngxe4 Nxe4 12. Nxe4 Qxd4 13. Qf3 g6 14. Rd1 Qg7
15. Qb3 Nb4 16. a3 Be6 17. Qa4+ Nc6 18. Ng5 Bd7 19. Rxd7 Kxd7 20. Bxc6+ bxc6 21.
Bf4 Qxb2 22. Rd1+ Bd6 23. Nxf7 Ke6 24. Nxd6 cxd6 25. Rxd6+ Kf7 26. Rd7+ Ke8 27.
Qxc6 {Black resigns} 1-0

[Event "Team 45 45 League T71"]
[Site "Internet Chess Club"]
[Date "2017.01.02"]
[Round "3"]
[White "primerpaso"]
[Black "lacibacsi"]
[Result "1/2-1/2"]
[WhiteElo "1787"]
[BlackElo "2007"]
[Opening "English opening"]
[ECO "A16"]
[Time "15:30:12"]
[TimeControl "2700+45"]

1. c4 Nf6 2. Nc3 g6 3. g3 Bg7 4. Bg2 O-O 5. e4 d6 6. Nge2 c5 7. O-O Nc6 8. d3
Rb8 9. h3 a6 10. Be3 Bd7 11. Qd2 b5 12. b3 Qc8 13. Kh2 Ne8 14. Rae1 Nc7 {Game
drawn by mutual agreement} 1/2-1/2

[Event "Team 45 45 League T71"]
[Site "Internet Chess Club"]
[Date "2016.12.26"]
[Round "3"]
[White "JPSVI"]
[Black "Portola"]
[Result "0-1"]
[WhiteElo "1740"]
[BlackElo "1722"]
[Opening "Bird's opening"]
[ECO "A03"]
[Time "13:00:29"]
[TimeControl "2700+45"]

1. f4 d5 2. Nf3 Nf6 3. g3 Bf5 4. Bg2 h6 5. d3 e6 6. O-O Bc5+ 7. e3 Nbd7 8. Qe2
O-O 9. Nbd2 Bb6 10. Kh1 c6 11. e4 dxe4 12. dxe4 Bh7 13. h3 Qc7 14. e5 Nd5 15.
Nc4 Bc5 16. c3 Rac8 17. Be3 b5 18. Bxc5 Nxc5 19. Qf2 Ne4 20. Qe2 Nxg3+ {White
resigns} 0-1

[Event "Team 45 45 League T71"]
[Site "Internet Chess Club"]
[Date "2016.12.24"]
[Round "3"]
[White "kabindra"]
[Black "Tobiasdelmonte"]
[Result "1-0"]
[WhiteElo "1722"]
[BlackElo "1732"]
[Opening "Petrov: classical attack"]
[ECO "C42"]
[Time "11:09:36"]
[TimeControl "2700+45"]

1. e4 e5 2. Nf3 Nf6 3. Nxe5 d6 4. Nf3 Nxe4 5. d4 d5 6. Bd3 Bg4 7. O-O Be7 8. c4
Nf6 9. Qa4+ c6 10. Ne5 Be6 11. c5 O-O 12. b4 Nbd7 13. Nxd7 Qxd7 14. Nc3 b5 15.
Qc2 a5 16. bxa5 Rxa5 17. Bd2 Ra3 18. Bc1 Ra7 19. Bd2 Rfa8 20. a4 g6 21. Ra2 b4
22. Ne2 Rb8 23. Rb1 Rab7 24. Rab2 b3 25. Rxb3 Rxb3 26. Rxb3 Ra8 27. a5 Ne4 28.
Be1 Bf6 29. f3 Bg7 30. fxe4 Bf6 31. e5 Bd8 32. a6 Kg7 33. Rb7 Qe8 34. Qb1 Bc8
35. Rb8 {Black resigns} 1-0

[Event "Team 45 45 League T71"]
[Site "Internet Chess Club"]
[Date "2016.12.23"]
[Round "3"]
[White "nidusin2"]
[Black "Heian"]
[Result "0-1"]
[WhiteElo "1574"]
[BlackElo "1768"]
[Opening "Queen's pawn, Mason variation"]
[ECO "D00"]
[Time "19:00:36"]
[TimeControl "2700+45"]

1. d4 d5 2. Bf4 e6 3. e3 c6 4. c3 Bd6 5. Bg3 f5 6. Nf3 Nf6 7. Nbd2 Qe7 8. Bd3
Nbd7 9. Qc2 Ne4 10. Bxd6 Nxd6 11. c4 g6 12. O-O O-O 13. Rac1 Ne4 14. Ne1 Nxd2
15. Qxd2 Qh4 16. Nf3 Qe7 17. Ne1 Nb6 18. c5 Nd7 19. b4 e5 20. a4 e4 21. Be2 Qg5
22. g3 Nf6 23. Ng2 Qh6 24. Rfe1 g5 25. h4 Kh8 26. f3 Rg8 27. Kf2 exf3 28. Bxf3
g4 29. Be2 Ne4+ {White resigns} 0-1